 Dungeon Crawl Stone Soup version 0.22-a0-782-g038298e (console) character file.

198398 removed the Destroyer (level 17, 144/144 HPs)
             Began as a Demigod Wanderer on Apr 25, 2018.
             Quit the game on level 3 of the Snake Pit on July 20, 2018.
             The game lasted 02:05:11 (54635 turns).

removed the Destroyer (Demigod Wanderer)           Turns: 54635, Time: 02:05:12

Health: 144/144    AC: 14    Str:  9    XL:     17   Next: 58%
Magic:  12/47      EV: 19    Int: 40    God:
Gold:   19         SH: 11    Dex: 14    Spells: 10/40 levels left

rFire    + . .     SeeInvis .   a - staff of cold
rCold    + + .     Gourm    .   c - +1 buckler of the Morning Star {Regen+ Int+4}
rNeg     + . .     Faith    .   p - +3 leather armour {rC+}
rPois    +         Spirit   .   J - +0 helmet of Midnight {MR+ Int+4}
rElec    .         Reflect  +   K - +2 cloak of Reason {rPois rN+ Str-5}
rCorr    .         Harm     .   V - +1 pair of gloves {archery}
MR       ++...                  r - +1 pair of boots {Stlth+}
Stlth    ++........             d - amulet of Ijoyroirch {Reflect rF+ Slay+2 SH+5}
HPRegen  0.74/turn              B - ring of magical power
MPRegen  0.30/turn              A - +4 ring of intelligence

@: no status effects
A: high mp 1
a: no special abilities


You were on level 3 of the Snake Pit.
You were not hungry.

You visited 5 branches of the dungeon, and saw 29 of its levels.
You also visited: Labyrinth.

You collected 2889 gold pieces.
You spent 2870 gold pieces at shops.

Inventory:

Hand Weapons
 b - the +9 long sword "Ycwaihab" {freeze, rN+ Dex-4 SInv}
   (You found it on level 8 of the Dungeon)

   It has been specially enchanted to freeze those struck by it, causing extra
   injury to most foes and up to half again as much damage against particularly
   susceptible opponents.
   It can also slow down cold-blooded creatures.
   It affects your dexterity (-4).
   It protects you from negative energy.
   It lets you see invisible.
 e - a +0 blowgun
 z - a +1 scimitar of flaming
Missiles
 f - 10 curare-tipped needles
 Y - 6 throwing nets (quivered)
Armour
 c - the +1 buckler of the Morning Star (worn) {Regen+ Int+4}
   (You bought it in a shop on level 2 of the Snake Pit)

   It affects your intelligence (+4).
   It increases your rate of regeneration.
 p - a +3 leather armour of cold resistance (worn)
 r - a +1 pair of boots of stealth (worn)
 J - the +0 helmet of Midnight (worn) {MR+ Int+4}
   (You found it on level 4 of the Dungeon)

   It affects your intelligence (+4).
   It affects your resistance to hostile enchantments.
 K - the +2 cloak of Reason (worn) {rPois rN+ Str-5}
   (You bought it in a shop on level 2 of the Snake Pit)

   It affects your strength (-5).
   It protects you from poison.
   It protects you from negative energy.
 V - a +1 pair of gloves of archery (worn)
Magical Staves
 a - an uncursed staff of cold (weapon)
Jewellery
 d - the amulet of Ijoyroirch (around neck) {Reflect rF+ Slay+2 SH+5}
   (You bought it in a shop on level 13 of the Dungeon)

   [amulet of reflection]

   It shields you and reflects attacks.
   It affects your accuracy and damage with ranged weapons and melee attacks
   (+2).
   It protects you from fire.
   It affects your SH (+5).
 k - an uncursed ring of poison resistance
 w - an uncursed ring of positive energy
 A - a +4 ring of intelligence (right hand)
 B - a ring of magical power (left hand)
Wands
 t - a wand of polymorph (23)
 v - a wand of acid (5)
 F - a wand of paralysis (16)
 N - a wand of iceblast (12)
 T - a wand of scattershot (19)
 X - a wand of disintegration (31)
Scrolls
 g - 6 scrolls of amnesia
 i - 11 scrolls of teleportation
 j - 5 scrolls of identify
 l - 4 scrolls of enchant weapon
 n - 9 scrolls of remove curse
 o - 2 scrolls of fear
 q - 6 scrolls of magic mapping
 y - 5 scrolls of enchant armour
 G - a scroll of brand weapon
 H - 4 scrolls of blinking
 W - 3 scrolls of fog
Potions
 h - 2 potions of ambrosia
 m - a potion of magic
 C - 9 potions of brilliance
 D - 4 potions of mutation
 E - 7 potions of flight
 I - 7 potions of heal wounds
 L - 4 potions of cancellation
 M - a potion of invisibility
 O - 7 potions of haste
 P - 4 potions of lignification
 Q - 6 potions of agility
 S - 4 potions of might
 U - 11 potions of curing
Miscellaneous
 u - a phantom mirror
Comestibles
 x - 37 rations


   Skills:
 - Level 11.0 Fighting
 - Level 10.0 Long Blades
   Level 1.7 Maces & Flails
 - Level 1.0 Throwing
 - Level 1.7 Armour
 - Level 12.0 Dodging
 - Level 5.1 Shields
 + Level 12.0 Spellcasting
 - Level 12.0 Conjurations
 - Level 7.0 Charms
 - Level 3.0 Translocations
 - Level 12.0 Ice Magic
 - Level 10.0 Air Magic


You had 10 spell levels left.
You knew the following spells:

 Your Spells              Type           Power        Failure   Level  Hunger
a - Magic Dart            Conj           ####         0%          1    None
b - Searing Ray           Conj           ######       1%          2    None
c - Throw Icicle          Conj/Ice       ########     1%          4    None
d - Iskenderun's Mystic   Conj           #######.     1%          4    None
f - Freezing Cloud        Conj/Ice/Air   ########..   2%          6    ###....
l - Blink                 Tloc           N/A          1%          2    None
o - Ozocubu's Armour      Chrm/Ice       ########     1%          3    None
r - Deflect Missiles      Chrm/Air       #######...   9%          6    ###....
P - Passwall              Tmut/Erth      ###.....     3%          2    None

Your spell library contained the following spells:

 Spells                   Type           Power        Failure   Level  Hunger
 Cause Fear               Hex            ###.......   19%         4    None
 Fireball                 Conj/Fire      ######....   4%          5    None
 Conjure Flame            Conj/Fire      ######..     1%          3    None
 Bolt of Fire             Conj/Fire      ######....   26%         6    ###....
 Slow                     Hex            ###.....     3%          2    None
 Confuse                  Hex            ###.....     6%          3    None
 Throw Frost              Conj/Ice       ######       1%          2    None
 Mephitic Cloud           Conj/Pois/Air  ######..     1%          3    None
 Ring of Flames           Chrm/Fire      ######....   98%         7    #####..
 Summon Small Mammal      Summ           ###.         1%          1    None
 Freeze                   Ice            ####         0%          1    None
 Summon Ice Beast         Ice/Summ       #######.     1%          4    None
 Call Imp                 Summ           ###.....     3%          2    None
 Tukima's Dance           Hex            ###.....     6%          3    None
 Corpse Rot               Necr           N/A          3%          2    None
 Stone Arrow              Conj/Erth      ######       1%          3    None
 Spider Form              Tmut/Pois      ###.......   6%          3    None
 Blade Hands              Tmut           ###.......   47%         5    None
 Ice Form                 Ice/Tmut       #######.     1%          4    None
 Ignite Poison            Fire/Tmut/Pois ###.....     6%          3    None
 Sticks to Snakes         Tmut           ###.....     3%          2    None
 Call Canine Familiar     Summ           ###.....     6%          3    None
 Ensorcelled Hibernation  Hex/Ice        ######       1%          2    None
 Summon Butterflies       Summ           ###.....     1%          1    None
 Silence                  Hex/Air        ######....   7%          5    None
 Corona                   Hex            ###....      1%          1    None
 Leda's Liquefaction      Hex/Erth       ###.......   19%         4    None
 Summon Hydra             Summ           ###.......   100%        7    #####..
 Beastly Appendage        Tmut           ###...       1%          1    None
 Fulminant Prism          Conj/Hex       ######....   1%          4    None
 Dazzling Spray           Conj/Hex       ######       1%          3    None
 Force Lance              Conj/Tloc      ######..     1%          4    None
 Discord                  Hex            ###.......   100%        8    ######.
 Summon Forest            Summ/Tloc      #####.....   28%         5    None
 Summon Lightning Spire   Summ/Air       ######..     2%          4    None
 Summon Guardian Golem    Hex/Summ       ###.....     6%          3    None
 Summon Mana Viper        Hex/Summ       ###.....     47%         5    None
 Hydra Form               Tmut           ###.......   96%         6    ###....
 Yara's Violent Unravell  Hex/Tmut       ###.......   47%         5    None
 Poisonous Vapours        Pois/Air       ######       1%          2    None
 Ignition                 Fire           ###.......   100%        8    ######.


Dungeon Overview and Level Annotations

Branches:
Dungeon (15/15)            Temple (0/1) D:6            Lair (6/6) D:10
 Shoals (0/4) Lair:3        Snake (4/4) Lair:4        Slime (0/5) Lair:5
    Orc (2/2) D:11            Elf (2/3) Orc:2        Vaults (0/5) D:14
 Depths (0/5) D:15

Shops:
D:4 *:*[   D:12 !   D:13 =   Orc:1 *   Orc:2 }(%=   Snake:2 [   Snake:3 =

Annotations:
D:3 exclusion: downstairs
D:5 exclusion: downstairs
Lair:1 exclusion: spiny frog, Nergalle
Lair:3 exclusion: hydra
Lair:4 Nessos
Lair:5 exclusion: 4 oklob plants


Innate Abilities, Weirdness & Mutations

You have an increased reservoir of magic. (+10% MP)


Message History

Aiming: Throw Icicle (safe; 1% risk of failure)
Press: ? - help, Shift-Dir - straight line, f/p - anaconda
Aim: an anaconda (almost dead, constricting you)
You feel a surge of power!
The shard of ice hits the anaconda.
You kill the anaconda!
Your Spellcasting skill increases to level 12!
Casting: Throw Icicle (safe; 1% risk of failure)
Confirm with . or Enter, or press ? or * to list all spells.
You can't see any susceptible monsters within range! (Use Z to cast anyway.)
You start resting.
A naga warrior comes into view. It is wielding a glaive.
There is a stone staircase leading up here.
You climb upwards.
There is a stone staircase leading down here.
Saving game... please wait.
Welcome back, removed the Demigod Wanderer.
Press ? for a list of commands and other information.
Drop what? 49/52 slots (_ for help) (? for menu, Esc to quit)
Okay, then.
Are you sure you want to abandon this character and quit the game? (Confirm with "yes".)

####################
#........##........#
#........##........#
##........##.)..@...#
#...................#
#.........##........#
#.........##........#
..........#.........#
.#.....###..........#####
.#.....[...######.......#
.#.)...##### #.......#
.....))####### #.......#


There were no monsters in sight!

Vanquished Creatures
  Nikola (Snake:4)
  A deep elf blademaster (Elf:2)
  Kirke (Snake:2)
  A fire giant (D:12)
  A deep elf sorcerer (Elf:1)
  A nagaraja (Snake:4)
  Aizul (Snake:2)
  Louise (Snake:3)
  A deep elf elementalist (Elf:1)
  A stone giant (Orc:1)
  A war gargoyle (D:12)
  Azrael (D:12)
  A minotaur (Lab)
  An ettin (D:12)
  Erolcha (Orc:1)
  5 hydras
  Harold (Lair:4)
  10 naga warriors
  2 ice dragons
  Erica (D:9)
  8 vault guards
  3 centaur warriors
  2 ogre magi
  8 anacondas
  Urug (D:13)
  13 two-headed ogres
  24 dancing weapons
  5 orc high priests
  9 naga sharpshooters
  A tengu warrior (D:15)
  4 shock serpents
  9 deep elf knights
  3 salamander mystics
  2 cherubim
  6 deep elf archers (Elf:1)
  A phantasmal warrior (D:15)
  3 lindwurms
  6 naga ritualists
  4 orc knights (Orc:2)
  A necromancer (D:15)
  2 manticores
  A shadow dragon skeleton (D:15)
  7 orc sorcerers
  8 mana vipers
  A cyclops (D:15)
  38 deep elf magi
  20 ugly things
  12 salamanders
  A frost giant zombie (D:15)
  19 elephants
  8 naga magi
  54 black mambas
  6 spiny frogs
  4 molten gargoyles (Elf:1)
  The ghost of Totori the Conjurer, a novice DEAE of Vehumet (D:5)
  5 gargoyles
  A centaur zombie (D:13)
  3 guardian serpents
  7 torpor snails
  3 centaur skeletons
  A rime drake (Lair:6)
  An efreet (D:15)
  3 komodo dragons
  2 trolls
  2 tengu conjurers (D:15)
  12 polar bears
  2 guardian mummies (D:15)
  3 tyrant leeches (Lair:6)
  6 hornets (Lair:6)
  An ice dragon zombie (D:15)
  A snapping turtle (Lair:3)
  10 hippogriffs
  A spriggan zombie (D:15)
  21 blink frogs
  2 meliai zombies
  4 raiju (Lair:6)
  6 slime creatures
  An air elemental (Elf:1)
  A centaur simulacrum (D:12)
  3 shadows
  2 wraiths
  A water elemental (Elf:2)
  A vampire (D:12)
  A spriggan (Lair:5)
  Eustachio (D:5)
  2 fire elementals (D:12)
  4 wyverns
  26 yaks
  A hog (Snake:2)
  5 vampire mosquitoes (D:12)
  5 hungry ghosts
  28 nagas
  5 wargs
  18 water moccasins
  17 hell hounds
  7 porcupines
  3 acid dragons
  A swamp drake (D:11)
  2 ice beasts
  25 orc warriors
  4 sky beasts
  15 black bears
  5 phantoms
  8 centaurs
  14 ogres
  An eye of draining (D:14)
  23 wolves
  15 crocodiles
  4 big kobolds
  A gnoll sergeant (D:6)
  11 bullfrogs
  2 earth elementals (Elf:1)
  A wyvern zombie (D:7)
  5 scorpions
  20 killer bees
  4 howler monkeys
  10 wights
  An electric eel (Lair:1)
  7 crimson imps
  5 jellies
  3 quasits
  2 bullfrog zombies
  29 orc wizards
  A bullfrog skeleton (D:12)
  19 orc priests
  2 hounds
  7 iguanas
  9 worker ants
  A hound skeleton (D:4)
  2 worker ant zombies
  A howler monkey skeleton (D:10)
  Robin (D:2)
  7 gnolls
  15 adders
  A shadow imp (D:15)
  6 oozes
  An adder zombie (D:8)
  3 adder skeletons
  6 worms
  2 dart slugs
  6 leopard geckos
  90 orcs
  5 bats
  15 giant cockroaches
  15 goblins
  11 hobgoblins
  14 jackals
  5 quokkas
  3 ball pythons
  A ball python skeleton (D:2)
  6 frilled lizards
  A jackal skeleton (D:2)
  30 kobolds
  A leopard gecko skeleton (D:2)
  A leopard gecko zombie (D:2)
  A quokka skeleton (D:4)
  6 rats
  A plant (D:13)
1072 creatures vanquished.

Vanquished Creatures (others)
  A naga warrior (Snake:2)
  A deep elf archer (Elf:1)
  A deep elf mage (Elf:1)
  A yaktaur (D:15)
  2 humans (Snake:2)
  3 fungi
  24 plants
  A withered plant (D:15)
34 creatures vanquished.

Grand Total: 1106 creatures vanquished

Notes
Turn   | Place    | Note
-------+----------+-------------------------------------------
     0 | D:1      | removed the Demigod Wanderer began the quest for the Orb.
     0 | D:1      | removed set off with: a +0 ring mail, a +0 club, a ration
     0 | D:1      | Reached XP level 1. HP: 16/16 MP: 4/4
     2 | D:1      | Noticed a jelly
     2 | D:1      | Learned a level 1 spell: Magic Dart
     5 | D:1      | Found a runed door.
   190 | D:1      | Reached XP level 2. HP: 23/23 MP: 1/5
   237 | D:1      | Learned a level 2 spell: Searing Ray
  1008 | D:1      | Reached XP level 3. HP: 28/28 MP: 0/6
  1700 | D:2      | Noticed Robin
  2309 | D:2      | Found a deep blue altar of Sif Muna.
  2579 | D:2      | Reached XP level 4. HP: 35/35 MP: 0/8
  2657 | D:2      | Killed Robin
  3718 | D:3      | Reached skill level 5 in Conjurations
  3718 | D:3      | Reached XP level 5. HP: 17/40 MP: 5/9
  4782 | D:4      | Noticed an ogre
  4832 | D:4      | Got a faintly humming helmet
  4847 | D:4      | Identified the cursed +0 helmet of Midnight {MR+ Int+4} (You found it on level 4 of the Dungeon)
  4917 | D:4      | Noticed an ogre
  4922 | D:4      | Learned a level 2 spell: Passwall
  4938 | D:4      | Killed an ogre
  4938 | D:4      | Reached XP level 6. HP: 47/47 MP: 3/10
  5286 | D:4      | Found Xosiexoneo's Antique Armour Shop.
  5394 | D:4      | Learned a level 4 spell: Iskenderun's Mystic Blast
  5486 | D:4      | Found Cowes's General Store.
  5699 | D:4      | Found Far Cysyg's Book Boutique.
  5740 | D:4      | Found Emurr's Assorted Antiques.
  5756 | D:4      | Reached XP level 7. HP: 52/52 MP: 9/15
  5966 | D:4      | Found a glowing golden altar of the Shining One.
  5966 | D:4      | Found a glowing silver altar of Zin.
  6055 | D:5      | Entered Level 5 of the Dungeon
  6219 | D:5      | Found a burning altar of Makhleb.
  6276 | D:5      | Found a blossoming altar of Fedhas.
  6276 | D:5      | Noticed Eustachio
  6284 | D:5      | Killed Eustachio
  6445 | D:5      | Noticed Totori's ghost (novice DEAE)
  6490 | D:5      | Killed Totori's ghost
  6490 | D:5      | Reached XP level 8. HP: 67/67 MP: 9/17
  6570 | D:5      | Got an ichor-stained ring mail
  6733 | D:5      | Reached skill level 1 in Dodging
  7131 | D:5      | Identified the cursed +0 ring mail "Miot" {rC+} (You found it on level 5 of the Dungeon)
  8186 | D:6      | Reached skill level 5 in Dodging
  8190 | D:6      | Reached skill level 5 in Fighting
  8490 | D:6      | Found a staircase to the Ecumenical Temple.
  8554 | D:6      | Reached skill level 5 in Spellcasting
  8831 | D:6      | Reached XP level 9. HP: 66/74 MP: 15/20
  9573 | D:7      | Found a snail-covered altar of Cheibriados.
  9838 | D:7      | Got a polished mace
  9839 | D:7      | Identified the +5 mace "Datyuqa" {drain, rElec Str-5 Dex+5} (You found it on level 7 of the Dungeon)
 10592 | D:8      | Noticed a two-headed ogre
 10728 | D:8      | Got an iridescent long sword
 10729 | D:8      | Identified the +9 long sword "Ycwaihab" {freeze, rN+ Dex-4 SInv} (You found it on level 8 of the Dungeon)
 11237 | D:8      | Killed a two-headed ogre
 11611 | D:9      | Reached XP level 10. HP: 69/84 MP: 12/23
 12270 | D:9      | Noticed Erica
 12277 | D:9      | Killed Erica
 12706 | D:10     | Entered Level 10 of the Dungeon
 13253 | D:10     | Found a staircase to the Lair.
 13282 | D:10     | Reached skill level 10 in Conjurations
 13483 | D:10     | Got a heavy robe
 13753 | D:10     | Reached skill level 1 in Long Blades
 14445 | D:10     | Identified the +1 robe of Unambiguity {rElec} (You found it on level 10 of the Dungeon)
 14607 | D:4      | Bought a shimmering cloak for 256 gold pieces
 14617 | D:4      | Identified the cursed +0 cloak of Beauty {+Blink} (You bought it in a shop on level 4 of the Dungeon)
 14618 | D:4      | Bought an amethyst potion for 24 gold pieces
 15021 | D:11     | Learned a level 2 spell: Blink
 15182 | D:11     | Found a staircase to the Orcish Mines.
 15186 | D:11     | Reached XP level 11. HP: 92/92 MP: 23/27
 16069 | Lair:1   | Entered Level 1 of the Lair of Beasts
 16534 | Lair:1   | Noticed Nergalle
 16767 | Lair:1   | Reached skill level 5 in Long Blades
 17675 | Lair:2   | Noticed Sonja
 17677 | Lair:2   | Noticed Sonja
 17677 | Lair:2   | Sonja changed into Sonja the acid dragon
 17690 | Lair:2   | Killed Sonja the acid dragon
 18829 | Lair:3   | Upgraded the game from 0.22-a0-373-gab1296c to 0.22-a0-379-ga9d99d6
 19350 | Lair:3   | Noticed a four-headed hydra
 19853 | Lair:3   | Reached skill level 10 in Long Blades
 19860 | Lair:3   | Learned a level 4 spell: Throw Icicle
 19989 | Lair:3   | Reached skill level 1 in Ice Magic
 20095 | Lair:3   | Reached XP level 12. HP: 100/100 MP: 24/28
 20220 | Lair:3   | Found a staircase to the Shoals.
 20958 | Lair:4   | Found a staircase to the Snake Pit.
 21252 | Lair:4   | Reached skill level 5 in Ice Magic
 21459 | Lair:3   | Learned a level 3 spell: Ozocubu's Armour
 21579 | Lair:4   | Noticed Nessos
 21691 | Lair:4   | Noticed Harold
 21698 | Lair:4   | Killed Harold
 23024 | Lair:5   | Found a staircase to the Slime Pits.
 24341 | Lair:6   | Entered Level 6 of the Lair of Beasts
 24494 | Lair:6   | Reached skill level 10 in Ice Magic
 24508 | Lair:6   | Learned a level 6 spell: Freezing Cloud
 24611 | Lair:6   | Noticed a seven-headed hydra
 24615 | Lair:6   | Killed a seven-headed hydra
 24615 | Lair:6   | Reached XP level 13. HP: 105/105 MP: 25/29
 25396 | Lair:6   | Reached skill level 5 in Air Magic
 25602 | Lair:6   | Paralysed by a hornet for 1 turns
 26405 | Lair:6   | Found a runed door.
 28954 | D:12     | Reached skill level 10 in Air Magic
 29559 | D:12     | Reached XP level 14. HP: 92/113 MP: 14/31
 29757 | D:12     | Noticed a fire giant
 29907 | Orc:1    | Entered Level 1 of the Orcish Mines
 30521 | Orc:1    | Noticed Erolcha
 30536 | Orc:1    | Killed Erolcha
 30560 | Orc:1    | Found Atohitu's General Store.
 30738 | Orc:2    | Entered Level 2 of the Orcish Mines
 31309 | Orc:2    | Found a staircase to the Elven Halls.
 32274 | Orc:2    | Found Liolunt's Jewellery Boutique.
 32274 | Orc:2    | Found Ucuoj's Gadget Boutique.
 32275 | Orc:2    | Found Qithrot's Food Shoppe.
 32275 | Orc:2    | Found Doirauz's Antique Weapon Shoppe.
 32583 | Orc:1    | Reached skill level 1 in Charms
 33107 | Orc:2    | Bought a cursed amulet of magic regeneration for 432 gold pieces
 33241 | D:12     | Reached skill level 1 in Translocations
 33562 | D:12     | Noticed Azrael
 33572 | D:12     | Killed Azrael
 33963 | D:12     | Killed a fire giant
 34095 | D:12     | Learned a level 6 spell: Deflect Missiles
 34573 | D:12     | Found Qayhan's Distillery.
 34579 | D:12     | Bought a potion of heal wounds for 55 gold pieces
 34831 | D:12     | Upgraded the game from 0.22-a0-379-ga9d99d6 to 0.22-a0-388-g09e6169
 34921 | D:13     | Reached skill level 5 in Charms
 35235 | D:13     | Found Joopexui's Jewellery Shoppe.
 36142 | D:13     | Noticed Urug
 36149 | D:13     | Killed Urug
 36881 | D:14     | Reached XP level 15. HP: 124/124 MP: 32/32
 36964 | D:14     | Found a gate to the Vaults.
 37056 | D:13     | Reached skill level 5 in Shields
 37300 | D:13     | Bought the amulet of Ijoyroirch {Reflect rF+ Slay+2 SH+5} for 763 gold pieces
 38295 | D:15     | Entered Level 15 of the Dungeon
 38394 | D:15     | Found a labyrinth entrance.
 38402 | Lab      | Entered a labyrinth
 39290 | Lab      | Got a scorched plate armour
 39316 | Lab      | Identified the cursed +1 plate armour of Ennui {Str+6} (You found it in a labyrinth)
 41178 | D:15     | Found a staircase to the Depths.
 41565 | D:15     | Upgraded the game from 0.22-a0-388-g09e6169 to 0.22-a0-389-g8519d86
 41757 | Elf:1    | Entered Level 1 of the Elven Halls
 42737 | Elf:1    | Reached skill level 10 in Spellcasting
 43516 | Elf:1    | Reached XP level 16. HP: 132/132 MP: 15/35
 44389 | Elf:2    | Got a blackened long sword
 44449 | Elf:2    | Reached skill level 10 in Dodging
 44912 | Elf:2    | Found a huge runed gate.
 44912 | Elf:2    | Found a huge runed gate.
 44912 | Elf:2    | Found a huge runed gate.
 44913 | Elf:2    | Found a huge runed gate.
 44915 | Elf:2    | Found a huge runed gate.
 45062 | Elf:2    | Noticed a deep elf blademaster
 45066 | Elf:2    | Killed a deep elf blademaster
 46234 | Elf:2    | Identified the +6 long sword of Vopt {holy, Int+8} (You found it on level 2 of the Elven Halls)
 46238 | Elf:2    | Upgraded the game from 0.22-a0-389-g8519d86 to 0.22-a0-392-g5dc3fd9
 46238 | Elf:2    | Upgraded the game from 0.22-a0-392-g5dc3fd9 to 0.22-a0-395-gfed312b
 46238 | Elf:2    | Upgraded the game from 0.22-a0-395-gfed312b to 0.22-a0-414-gacd343e
 46309 | Elf:1    | Reached skill level 10 in Fighting
 46732 | Snake:1  | Entered Level 1 of the Snake Pit
 49858 | Snake:2  | Noticed Kirke
 49872 | Snake:2  | Killed Kirke
 50371 | Snake:2  | Noticed Aizul
 50377 | Snake:2  | Killed Aizul
 50377 | Snake:2  | Reached XP level 17. HP: 123/140 MP: 20/37
 51551 | Snake:2  | Found Ipal's Antique Armour Emporium.
 51891 | Snake:2  | Bought a faintly humming buckler for 380 gold pieces
 51901 | Snake:2  | Identified the +1 buckler of the Morning Star {Regen+ Int+4} (You bought it in a shop on level 2 of the Snake Pit)
 51902 | Snake:2  | Bought a warped cloak for 380 gold pieces
 51912 | Snake:2  | Identified the +2 cloak of Reason {rPois rN+ Str-5} (You bought it in a shop on level 2 of the Snake Pit)
 51918 | Snake:2  | Bought a pair of glowing gloves for 300 gold pieces
 52157 | Snake:3  | Noticed Louise
 52423 | Snake:3  | Killed Louise
 53180 | Snake:3  | Found Polo's Jewellery Shop.
 53605 | Snake:2  | Bought an ancient leather armour for 280 gold pieces
 53615 | Snake:2  | Identified the +1 leather armour "Lealo" {*Corrode rC++ Str+9} (You bought it in a shop on level 2 of the Snake Pit)
 53626 | Snake:2  | Upgraded the game from 0.22-a0-414-gacd343e to 0.22-a0-430-g6609fc6
 53665 | Snake:4  | Entered Level 4 of the Snake Pit
 53813 | Snake:4  | Noticed Nikola
 53825 | Snake:4  | Killed Nikola
 54635 | Snake:3  | Quit the game

Vault maps used:
D:1:      dpeg_arrival_caged_fury
D:2:      lemuel_round_altar, serial_undead, serial_undead_c, serial_undead_f,
          serial_undead_e, serial_undead_d, serial_undead_c, serial_undead_e,
          serial_undead_f, kennysheep_generic_room_7, uniq_robin
D:4:      gammafunk_temple_overflow_wave, serial_shops, shop_fountains,
          nicolae_shop_stone, nicolae_shop_behind_doors, shop
D:5:      first_ration, basic_altar, minmay_misc_feat_doors, fedhas_altar_1,
          uniq_eustachio
D:6:      minmay_temple_entry_statues_pillars, serial_bayou_crossing
D:7:      cheibriados_altar_1
D:9:      david_nohive_1, minmay_misc_feat_five, uniq_erica
D:10:     erik_lair_dragon
D:11:     erik_orc_1
D:12:     thingy_vault, serial_shops, shop, small_statue_intersection,
          uniq_azrael
D:13:     serial_shops, nicolae_shop_waterfront, pf_eden, uniq_urug
D:14:     erik_vaults_2, infiniplex_staircase_zigzag_4
D:15:     gammafunk_depths_entry_grave, hangedman_decor_peaks_small,
          lab_entry_generic
Lair:1:   lemuel_fruit_tree, grunt_megastairs_1, serial_bayou_shore_a,
          uniq_nergalle
Lair:2:   infiniplex_staircase_pool, uniq_sonja
Lair:3:   cheibrodos_lair_river_kwai, minmay_shoals_entry_hut
Lair:4:   dummy_snake_entry, uniq_nessos, uniq_harold
Lair:5:   dpeg_slime_entry_corner, grunt_forest_stairs_clearing,
          grunt_megastairs_2, lemuel_fruit_fields, minmay_lair_oklob_chamber
Lair:6:   wormcave, hangedman_lair_caniforms_friends, grunt_megastairs_5
Snake:1:  serial_bayou_shore_b
Snake:2:  serial_shops, nicolae_shop_stone, st_stairs_10, nicolae_snake_shapes,
          uniq_aizul, uniq_kirke
Snake:3:  serial_shops, shop_fountains, spider_trap, uniq_louise
Snake:4:  johnstein_snake_rune_scales, uniq_vashnia, uniq_roxanne,
          uniq_asterion, uniq_nikola
Orc:1:    serial_shops, shop_statue, uniq_erolcha
Orc:2:    st_orc_elflike
Elf:1:    minmay_elf_arrival_plus, hangedman_elven_crosses_minicolossus,
          minivault_8
Lab:      nicolae_lab_swirl

Skill      XL: |  1  2  3  4  5  6  7  8  9 10 11 12 13 14 15 16 17 |
---------------+----------------------------------------------------+-----
Conjurations   | 2 3 5 6 8 10 11 12 | 12.0
Spellcasting   | 3 4 5 6 8 9 10 11 12 | 12.0
Fighting       | 4 5 6 7 9 10 11 | 11.0
Dodging        | 5 9 11 12 | 12.0
Long Blades    | 2 10 | 10.0
Ice Magic      | 1 10 11 12 | 12.0
Air Magic      | 2 10 | 10.0
Charms         | 6 7 |  7.0
Translocations | 3 |  3.0
Shields        | 3 5 |  5.1
Maces & Flails | |  1.7
Throwing       | |  1.0
Armour         | |  1.7

Action                   |  1- 3 |  4- 6 |  7- 9 | 10-12 | 13-15 | 16-18 || total
-------------------------+-------+-------+-------+-------+-------+-------++-------
Melee: Club              |    17 |       |       |       |       |       ||    17
       Whip              |    70 |       |       |       |       |       ||    70
       Trident           |       |    49 |   114 |       |       |       ||   163
       Long sword        |       |       |     6 |   130 |   179 |    68 ||   383
       Staff             |       |       |       |     5 |     5 |     2 ||    12
 Cast: Magic Dart        |    85 |    94 |    86 |   129 |       |     6 ||   400
       Searing Ray       |     4 |    10 |    55 |    27 |       |       ||    96
       Iskenderun's Myst |       |       |     8 |   149 |    19 |       ||   176
       Blink             |       |       |       |     2 |    11 |     2 ||    15
       Throw Icicle      |       |       |       |   116 |   735 |   470 ||  1321
       Ozocubu's Armour  |       |       |       |     1 |    30 |    12 ||    43
       Freezing Cloud    |       |       |       |       |    39 |    34 ||    73
       Deflect Missiles  |       |       |       |       |     3 |     2 ||     5
Evoke: Wand              |       |       |       |     2 |     2 |       ||     4
       Sack of spiders   |       |       |       |       |     2 |       ||     2
  Use: Scroll            |       |     5 |    10 |     7 |    13 |     3 ||    38
       Potion            |       |       |       |       |     2 |     1 ||     3
  Eat: Chunk             |     5 |    13 |    18 |    40 |    52 |    18 ||   146
       Ration            |     1 |       |       |       |     5 |     7 ||    13
Armor: Ring mail         |    47 |    20 |       |       |       |       ||    67
       Leather armour    |       |     8 |    57 |    88 |   191 |    30 ||   374
Dodge: Dodged            |    64 |    29 |   129 |   189 |   317 |   142 ||   870
       Deflected         |       |       |       |       |    16 |    34 ||    50
Block: Buckler           |       |       |       |       |    37 |   122 ||   159
       Reflection        |       |       |       |       |    13 |    26 ||    39
       Rpst.: Long sword |       |       |       |    56 |    31 |     5 ||    92

Table legend:
 A = Spawn XP
 B = Non-spawn XP
 C = Spawn XP percentage of total XP
 D = Spawn monster count
 E = Non-spawn monster count
 F = Spawn count percentage of total count
 G = Total turns spent on level
                    A         B        C        D         E        F      G
               +---------+---------+-------+---------+---------+-------+---------
         Total |       0 |  308497 |   0.0 |       0 |    1075 |   0.0 | 54635
               +---------+---------+-------+---------+---------+-------+---------
           D:1 |       0 |     156 |   0.0 |       0 |      46 |   0.0 |  2205
           D:2 |       0 |     107 |   0.0 |       0 |      32 |   0.0 |  1337
           D:3 |       0 |     173 |   0.0 |       0 |      33 |   0.0 |  1580
           D:4 |       0 |     701 |   0.0 |       0 |      18 |   0.0 |  1351
           D:5 |       0 |     992 |   0.0 |       0 |      13 |   0.0 |  1513
           D:6 |       0 |    1477 |   0.0 |       0 |      40 |   0.0 |  1175
           D:7 |       0 |    1062 |   0.0 |       0 |      40 |   0.0 |  1073
           D:8 |       0 |    1514 |   0.0 |       0 |      18 |   0.0 |  1278
           D:9 |       0 |    3731 |   0.0 |       0 |      31 |   0.0 |  1390
          D:10 |       0 |    2464 |   0.0 |       0 |      26 |   0.0 |  1988
          D:11 |       0 |    1881 |   0.0 |       0 |      35 |   0.0 |  2057
          D:12 |       0 |   22514 |   0.0 |       0 |      89 |   0.0 |  2677
          D:13 |       0 |    8664 |   0.0 |       0 |      27 |   0.0 |  1851
          D:14 |       0 |   15075 |   0.0 |       0 |      32 |   0.0 |  1508
          D:15 |       0 |   19476 |   0.0 |       0 |      44 |   0.0 |  2089
        Lair:1 |       0 |    2101 |   0.0 |       0 |      12 |   0.0 |  1229
        Lair:2 |       0 |    3980 |   0.0 |       0 |      21 |   0.0 |  1663
        Lair:3 |       0 |    7377 |   0.0 |       0 |      33 |   0.0 |  2203
        Lair:4 |       0 |    8423 |   0.0 |       0 |      27 |   0.0 |  1943
        Lair:5 |       0 |    7786 |   0.0 |       0 |      30 |   0.0 |  1911
        Lair:6 |       0 |   27337 |   0.0 |       0 |      93 |   0.0 |  4271
       Snake:1 |       0 |   14344 |   0.0 |       0 |      25 |   0.0 |  2103
       Snake:2 |       0 |   34460 |   0.0 |       0 |      60 |   0.0 |  3261
       Snake:3 |       0 |   19125 |   0.0 |       0 |      38 |   0.0 |  1389
       Snake:4 |       0 |   19868 |   0.0 |       0 |      30 |   0.0 |   839
         Orc:1 |       0 |    8740 |   0.0 |       0 |      38 |   0.0 |  1356
         Orc:2 |       0 |   11746 |   0.0 |       0 |      52 |   0.0 |  1969
         Elf:1 |       0 |   33340 |   0.0 |       0 |      52 |   0.0 |  2438
         Elf:2 |       0 |   28606 |   0.0 |       0 |      39 |   0.0 |  2046
           Lab |       0 |    1277 |   0.0 |       0 |       1 |   0.0 |   942
               +---------+---------+-------+---------+---------+-------+---------
